Cogmind - Beta 17.1 @@@ ROGUE MODE // 2026.08.25 @ 10:23:24 Player: Doobadoop Result: Destroyed by 4N-AE4(R) with Subdweller Machine Gun Performance ------------- Evolutions (0) 0 Regions Visited (2) 400 Robots Destroyed (16) 80 Value Destroyed (382) 382 Prototype IDs (0) 0 Alien Tech Used (0) 0 Bonus (0) 0 TOTAL SCORE: 862 Bonus ------- None Cogmind --------- Core Integrity 0/250 Matter 284/300 Energy 85/125 System Corruption 0% Temperature Cool (2) Movement Walking (120) Location -10/Subcaves Parts ------- > --- POWER (1) -------- Light Ion Engine > --- PROPULSION (2) --- Aluminum Leg Aluminum Leg > --- UTILITY (2) ------ Heat Sink Transport Network Coupler > --- WEAPON (2) ------- (None) > --- INVENTORY (5) ---- Flight Unit Weight Redist. System Scrap Shield Fragment (24) Peak State ------------ > --- POWER ------------ Ion Engine > --- PROPULSION ------- Aluminum Leg Aluminum Leg > --- UTILITY ---------- Weight Redist. System Transport Network Coupler > --- WEAPON ----------- Beam Cannon Beam Cannon > --- INVENTORY -------- Wheel Wheel Flight Unit Heat Sink Grenade Launcher [Rating: 8] Favorites ----------- Power Ion Engine Engine Ion Engine Propulsion Aluminum Leg Leg Aluminum Leg Flight Unit Flight Unit Utility Transport Network Coupler Device Heat Sink Storage Small Storage Unit Processor Transport Network Coupler Protection Light Armor Plating Weapon EM Pulse Gun Energy Gun EM Pulse Gun Energy Cannon Beam Cannon Launcher Grenade Launcher Build | -11 -10 -10 ------- Run | Yrd Mat Sub Slots Evolved . | . . . Power . | . . . Propulsion . | . . . Utility . | . . . Weapon . | . . . Parts Attached 19 | 6 10 3 Power 5 | 1 3 1 Engine 5 | 1 3 1 Core . | . . . Reactor . | . . . Propulsion 4 | 2 1 1 Treads . | . . . Leg 3 | 2 . 1 Wheel . | . . . Hover . | . . . Flight 1 | . 1 . Utility 5 | 1 4 . Device 2 | . 2 . Storage 1 | 1 . . Processor 1 | . 1 . Hackware . | . . . Protection 1 | . 1 . Artifact . | . . . Weapon 5 | 2 2 1 Energy Gun 2 | 2 . . Energy Cannon 2 | . 2 . Ballistic Gun . | . . . Ballistic Cannon . | . . . Launcher 1 | . . 1 Special Weapon . | . . . Impact Weapon . | . . . Slashing Weapon . | . . . Piercing Weapon . | . . . Special Melee Weapon . | . . . Unidentified Prototypes . | . . . Parts Lost 5 | . . 5 Power 1 | . . 1 Propulsion 1 | . . 1 Utility . | . . . Weapon 3 | . . 3 Highest Loss Streak 4 | . . 4 To Critical Strikes . | . . . Average Backups 5 | 3 5 4 Power . | . . 1 Propulsion 2 | 1 2 1 Utility . | . . 1 Weapon 1 | . 2 . Tool/Special . | . . . Unused Backups 7 | . 7 . Power 1 | . 1 . Propulsion 3 | . 3 . Utility 1 | . 1 . Weapon 2 | . 2 . Tool/Special . | . . . Average Slot Usage (%) 95 | . 98 89 Engine 12 | . 14 9 Leg 27 | . 27 28 Device 7 | . 3 14 Storage 6 | . 9 . Processor 10 | . 8 14 Protection 3 | . 4 . Energy Gun 12 | . 19 . Energy Cannon 11 | . 8 17 Launcher 1 | . . 4 Peak Build Rating 8 | 6 8 7 Average Rating 6 | 3 7 6 On Entrance 4 | . 6 7 Avg Prop Armor Cover (%) . | . . . Naked Turns . | . . . Heaviest Build 17 | 14 17 12 Greatest Support 26 | 20 26 20 Greatest Overweight (x) 4 | 4 1 . Average Overweight (x) . | . . . Largest Inventory Capacity 8 | 8 8 5 Average Capacity 6 | 6 7 5 Most Carried 8 | 5 8 5 Average Carried 5 | 3 5 4 Final Capacity 8 | 8 5 5 Final Carried 5 | 4 5 3 Class Distribution -------------------- 100% | Mutant Dominant Class ---------------- Mutant | -10/Materials Mutant | -10/Subcaves Resources | -11 -10 -10 ----------- Run | Yrd Mat Sub Matter Collected 434 | 217 173 44 Remotely . | . . . Salvage Created 532 | . 434 98 Parts 32 | . 26 6 Haulers Intercepted 2 | . 2 . Recyclers Shooed . | . . . Parts Field Recycled . | . . . Retrieved Matter . | . . . Parts Self-Destructed 4 | . . 4 Prevented . | . . . Parts Restored . | . . . Kills | -11 -10 -10 ------- Run | Yrd Mat Sub Combat Hostiles Destroyed 11 | . 7 4 Guns 2 | . 2 . Cannons 6 | . 4 2 AOE 3 | . 1 2 Classes Destroyed 7 | . 6 1 Hauler 2 | . 2 . Recycler 1 | . 1 . Operator 1 | . 1 . Watcher 1 | . 1 . Swarmer 3 | . 3 . Grunt 6 | . 4 2 Subdweller 2 | . . 2 Best Kill Streak 5 | . 5 2 Combat Bots Only 4 | . 4 2 Max Kills in Single Turn 1 | . 1 1 Gunslinging . | . . . Exploded 1 | . 1 1 Melee . | . . . Uniques/NPCs Destroyed . | . . . Combat | -11 -10 -10 -------- Run | Yrd Mat Sub Hostile Shots Fired 72 | . 36 36 Missed 19 | . 8 11 Hits 53 | . 28 25 Projectile 53 | . 28 25 Critical Strikes 1 | . . 1 Damage Taken 968 | . 361 607 Core 261 | . 55 206 Absorbed by Shields . | . . . Core Remaining (%) 100 | 100 . . Volleys Fired 39 | . 25 14 Largest 2 | . 2 2 Hottest 120 | . 120 120 Shots Fired 70 | . 50 20 Gun 30 | . 30 . Cannon 35 | . 20 15 Launcher 5 | . . 5 Special . | . . . Kinetic . | . . . Thermal 35 | . 20 15 Explosive 5 | . . 5 Electromagnetic 30 | . 30 . Robot Hit Streak 5 | . 5 4 Robot Miss Streak 3 | . 2 3 Penetration Max . | . . . Secondary Targets . | . . . Shots Hit Robots 34 | . 22 12 Core Hits 21 | . 14 7 Critical Kills . | . . . Critical Parts Destroyed . | . . . Critical Strikes . | . . . Melee Attacks . | . . . Impact . | . . . Slashing . | . . . Piercing . | . . . Sneak Attacks . | . . . Combat Hostiles . | . . . Follow-up Attacks . | . . . Damage Inflicted 888 | . 441 447 Guns 190 | . 190 . Cannons 349 | . 192 157 Explosions 349 | . 59 290 Melee . | . . . Ramming . | . . . Kinetic . | . . . Thermal 408 | . 251 157 Explosive 290 | . . 290 Electromagnetic 190 | . 190 . Impact . | . . . Slashing . | . . . Piercing . | . . . Highest Corruption . | . . . Average Corruption . | . . . Corruption Purged . | . . . Corruption Blocked . | . . . Overload Shots . | . . . Overflow Damage . | . . . Projectiles . | . . . Explosions . | . . . Melee . | . . . Knockbacks . | . . . Impact . | . . . Kinetic . | . . . Secondary . | . . . Self-Inflicted Damage 191 | . 67 124 Shots 7 | . 2 5 Rammed . | . . . Targets Rammed . | . . . Kicked . | . . . Crushed . | . . . Highest Temperature 540 | . 540 . Average Temperature 130 | . 130 . Received Heat Transfer 147 | . 96 51 Effects 2 | . 2 . Energy Bleed 1 | . 1 . Short Circuit 1 | . 1 . Siege Activations . | . . . Martial Activations . | . . . Shielding Activations . | . . . Robots Disrupted . | . . . Combat Hostiles . | . . . Robots Corrupted . | . . . Combat Hostiles . | . . . Parts Fried 1 | . 1 . Impact Corruptions . | . . . Robots Melted . | . . . Combat Hostiles . | . . . Parts Melted . | . . . Heat Transferred 790 | . 457 333 Parts Sabotaged . | . . . Parts Stolen . | . . . Parts Stripped . | . . . Power Chain Reactions 2 | . 2 . Alert | -11 -10 -10 ------- Run | Yrd Mat Sub Maximum Alert Level . | . . . Low Security (%) 100 | 100 100 . Level 1 . | . . . Level 2 . | . . . Level 3 . | . . . Level 4 . | . . . Level 5 . | . . . High Security . | . . . Max Security . | . . . Peak Influence 97 | . 97 . Initial . | . . . Average 12 | . 14 . Influence Increases 309 | . 244 65 Destroy 0b10 Robot/C 180 | . 140 40 Destroy 0b10 Robot/NC 25 | . 25 . Destroy Leader 36 | . 26 10 Successful Hack 15 | . 15 . Destroy Structure 8 | . 8 . Lose Combat Pursuer 45 | . 30 15 Influence Decreases 309 | . 163 146 Entered New Map 40 | . . 40 Time Decay 269 | . 163 106 Squads Dispatched . | . . . Investigation . | . . . Extermination . | . . . Reinforcement . | . . . Assault . | . . . Garrison . | . . . Intercept . | . . . Searches Triggered . | . . . Construction Impeded . | . . . Haulers Reinforced . | . . . Active Scanning Responses . | . . . Cargo Convoy Interrupts . | . . . Stealth | -11 -10 -10 --------- Run | Yrd Mat Sub Distress Signals 1 | . 1 . Communications Jammed . | . . . Distress Signals . | . . . Times Spotted 18 | . 11 7 Peak Tracking Total 6 | . 6 2 Tactical Retreats 3 | . 1 2 Traps | -11 -10 -10 ------- Run | Yrd Mat Sub Traps Triggered . | . . . Indirectly . | . . . Trap Hack Attempts . | . . . Triggered . | . . . Disarmed . | . . . Reprogrammed . | . . . Reused . | . . . Traps Extracted . | . . . Installed . | . . . Triggered . | . . . Machines | -11 -10 -10 ---------- Run | Yrd Mat Sub Machines Disabled . | . . . Max in Single Turn . | . . . Machines Repaired . | . . . Machines Dismantled . | . . . Machines Sabotaged . | . . . Overloaded Fab Kills . | . . . Hacking | -11 -10 -10 --------- Run | Yrd Mat Sub Machines Accessed 6 | . 6 . Terminals 6 | . 6 . Fabricators . | . . . Repair Stations . | . . . Recycling Units . | . . . Scanalyzers . | . . . Garrison Access . | . . . Total Hacks 16 | . 16 . Successful 11 | . 11 . Failed 5 | . 5 . Catastrophic . | . . . Database Lockouts . | . . . Manual . | . . . Terminals 16 | . 16 . Fabricators . | . . . Repair Stations . | . . . Recycling Units . | . . . Scanalyzers . | . . . Garrison Access . | . . . Terminal Hacks 11 | . 11 . Record 2 | . 2 . Alert Level 2 | . 2 . Locate Traps 1 | . 1 . Dispatch Records 1 | . 1 . Investigation Status 1 | . 1 . Reinforcement Status 1 | . 1 . Zone Layout 3 | . 3 . Fabricator Hacks . | . . . Repair Station Hacks . | . . . Recycling Unit Hacks . | . . . Scanalyzer . | . . . Garrison Access Hacks . | . . . Unauthorized Hacks . | . . . Terminals . | . . . Fabricators . | . . . Repair Stations . | . . . Recycling Units . | . . . Scanalyzers . | . . . Garrison Access . | . . . Data Cores Recovered . | . . . Used . | . . . Hacking Detections 5 | . 5 . Full Trace Events . | . . . Feedback Events . | . . . Feedback Blocked . | . . . Robot Schematics Acquired . | . . . Robots Built . | . . . Authchips . | . . . Time . | . . . Total Robot Build Rating . | . . . Part Schematics Acquired . | . . . Parts Built . | . . . Authchips . | . . . Time . | . . . Total Part Build Rating . | . . . Part Studies Acquired . | . . . Parts Repaired . | . . . Time . | . . . Parts Recycled . | . . . Recycled Matter . | . . . Retrieved Matter . | . . . Retrieved Components . | . . . Parts Scanalyzed . | . . . Part Schematics Acquired . | . . . Parts Damaged . | . . . Bothacking | -11 -10 -10 ------------ Run | Yrd Mat Sub Used RIF Installer . | . . . Robots Hacked . | . . . Non-combat . | . . . Combat . | . . . Robot Hacks Applied . | . . . Relay Couplers Released . | . . . Fabnet Peak Effective % . | . . . Robots Rewired . | . . . Allies Hacked . | . . . Hacks Repelled . | . . . Allies | -11 -10 -10 -------- Run | Yrd Mat Sub Total Allies . | . . . Largest Group . | . . . Highest-Rated Group . | . . . Highest-Rated Ally . | . . . Total Orders . | . . . Ally Attacks . | . . . Total Damage . | . . . Kills . | . . . Allies Corrupted . | . . . Allies Melted . | . . . Intel | -11 -10 -10 ------- Run | Yrd Mat Sub Active Infowar (turns) 863 | . 461 402 T.N.C. 863 | . 461 402 Robot Analysis Total . | . . . Derelict Logs Recovered 1 | . . 1 Drone Launches . | . . . Drone Recoveries . | . . . Exploration | -11 -10 -10 ------------- Run | Yrd Mat Sub Turns Passed 1213 | 79 732 402 Spaces Moved 817 | 61 478 278 Core 33 | 33 . . Treads . | . . . Legs 784 | 28 478 278 Wheels . | . . . Hover . | . . . Flight . | . . . Fastest Speed 50 | 50 120 120 Average Speed 119 | 108 120 120 Slowest Speed 250 | 250 190 120 Overloaded Moves . | . . . Propulsion Burnouts . | . . . Robots Hopped . | . . . Potential Cave-ins . | . . . Cave-ins Triggered . | . . . Exploration Rate (%) 23 | 4 49 17 Regions Visited 2 Branch Regions 1 Pre-discovered Areas . | . . . Known Exits Taken . | . . . Unknown Exits Taken 2 | 1 1 . Scrap Searched . | . . . Spaces Dug . | . . . Terrain Destroyed 29 | . 6 23 Melee . | . . . Projectile . | . . . AOE 29 | . 6 23 Terrain Rammed . | . . . Walls Destroyed . | . . . Machines Disabled . | . . . Actions | -11 -10 -10 --------- Run | Yrd Mat Sub Total 988 | 71 590 327 Wait 78 | . 47 31 Move 815 | 60 477 278 Hop . | . . . Pick Up 16 | 5 10 1 Fast Attach 13 | 5 8 . Attach 7 | 1 3 3 Detach 1 | . 1 . Swap 2 | . 2 . Drop 17 | . 17 . Fire 39 | . 25 14 Melee . | . . . Ram . | . . . Kick . | . . . Crush . | . . . Escape Stasis . | . . . Rewire . | . . . Trap . | . . . Miscellaneous . | . . . Route ------- -11/Scrapyard -10/Materials (discovered 3 exits: [*Mat] / [*Min] / [*Sub]) -10/Subcaves History --------- Turn | Location | Event 13 | -11/Scrapyard | Discovered new exit (range 16) 80 | -11/Scrapyard | Entered Materials 328 | -10/Materials | Build established: Mutant 423 | -10/Materials | Discovered new exit (range 15) 644 | -10/Materials | Discovered new exit (range 15) 735 | -10/Materials | Discovered new exit (range 15) 812 | -10/Materials | Entered Subcaves 813 | -10/Subcaves | Approached by a straggling Scientist 1038 | -10/Subcaves | Core integrity fell below 50% 1074 | -10/Subcaves | Core integrity fell below 20% 1106 | -10/Subcaves | Lost 4 parts (1p1n2w) 1214 | -10/Subcaves | Destroyed by 4N-AE4(R) with Subdweller Machine Gun Last Messages --------------- here" 00987_ Acquired derelict log, extracted data. Data stored: Storage entrances (x1). 9A-UAA(c): "I think it's somewhere southwest of here" 01043_ Aluminum Leg destroyed. 01061_ Beam Cannon destroyed. 01065_ BK-ANE(R) destroyed. 01069_ Beam Cannon destroyed. 01073_ XK-NO9(R) destroyed. 01075_ Ion Engine destroyed. 01079_ 7S-H6G(R) destroyed. 01088_ Acquired Scrap Shield Fragment. 01093_ The unstable cave ceiling collapses. 01196_ Subatomizers dissect the Cobbler Unit. 01206_ Acquired 6 matter. 01208_ Subatomizers dissect the Cobbler Unit, destroying it. 01210_ Grenade Launcher destroyed. 01212_ Acquired 38 matter. Map ----- +----------------------------------------------------+ | ????# ###### ##?????????????????? | | ?????# ##?????# #??????????????????? | | ?????## #???????##??????????????????? | | ??????## #???????????????????????????? | | ???????### #???????????????????????????? | | ?????????## ## #???????????????????????????? | | ??????????##### #####???????????????????????????? | | ?????????###### #?????????? ???????????????????? | | ?????????? "## #?????????? #?????????????????? | | ???????????# #" #????????? #????????????????? | | ???????????# ##???????? ????????????????? | | ???????????# #" ###?????# ?????????????????? | | ???????????### #????# ??????????????????? | | ??????????## #??## ???????????????????? | | ?????????## #??# ????????????????????? | | ????????## #?## ?????????????????????? | | ????????# #?# #??????????????????????? | | ????????# ##?# #???????????????????????? | | ????????# ###?## #???????????????????????? | | ????????# ##### ##??????????????????????? | | ????????## R #??????????????????????? | | ?????????## #??????????????????????? | | ??????????# #### #??????????????????????? | | ?????????# #??## #??????????????????????? | | ?????????# #???# ##?????????????????????? | | ?????????# #????# @ #?????????????????????? | | ?????????##?????# #?????????????????????? | | ????????????????## #?????????????????????? | | ?????????????????## #?????????????????????? | | ??????????????????## ????????????????????? | | ???????????????????## %????????????????????? | | ????????????????????## ???????????????????? | | ?????????????????????## #???????????????????? | | ??????????????????????# ##???????????????????? | | ?????????????????????? #????????????????????? | | ?????????????????????? #????????????????????? | | ?????????????????????? ????????????????????? | | ?????????????????????# ## ????????????????????? | | ?????????????????????##?? #????????????????????? | | ?????????????????????????####????????????????????? | | ?????????????????????????????????????????????????? | | ?????????????????????????????????????????????????? | | ?????????????????????????????????????????????????? | | ?????????????????????????????????????????????????? | | ?????????????????????????????????????????????????? | | ?????????????????????????????????????????????????? | | ?????????????????????????????????????????????????? | | ?????????????????????????????????????????????????? | | ?????????????????????????????????????????????????? | | ?????????????????????????????????????????????????? | +----------------------------------------------------+ Best States ------------- Heat Dissipation 35 Energy Generation 10 Energy Capacity 250 Matter Stores 300 Matter Capacity 300 Sight Range 16 Terrain Scan Density 10 Additional Mass Support 6 Armor Coverage 150 Evasion (%) 55 Item Schematics ----------------- None Robot Schematics ------------------ None Fabricated ------------ Nothing Repaired ---------- Nothing Studied --------- None Alien Tech Used ----------------- None Achievements -------------- None Challenges ------------ None Game ------ Seed SmartImprinterRocket Manual? 0 Play Time 00:14:40 Cumulative 18.9 hours Start 2026.08.25 @ 10:05:10 End 2026.08.25 @ 10:23:24 Sessions 1 Manual Loads 0 Difficulty Rogue Special Mode None Game No. 39 Rogue 37 Adventurer 2 Explorer 0 Win Type - Total 0 Types 0/0/0/0/0/0/0/0/0/0 Lore% 16 Gallery% 23 Achievement% 15 Wizard Run 0 Options --------- Layout 1 ASCII 0 Keyboard 0 Movement Arrows Keybinds 0 Fullscreen 1 Font 32/SmallcapsGlow Map View 50x35 Zoom Use 0% Tactical HUD 1 Map Filters NONE Filters NONE Steam 1 RUN: 64570e86-5b46-4f69-a41a-a9751ef3ef36